 Dungeon Crawl Stone Soup version 0.32-a0-643-ga006e7742e (console) character file.

Game seed: 11547210416811032560

198 MakMorn the Chopper (level 5, -5/46 HPs)
             Began as a Mountain Dwarf Fighter on Mar 7, 2024.
             Killed by divine providence
             ... invoked by an orc priest
              (12 damage)
             ... on level 4 of the Dungeon.
             The game lasted 00:10:39 (2609 turns).

MakMorn the Chopper (Mountain Dwarf Fighter)        Turns: 2609, Time: 00:10:40

Health: -5/46      AC:  7    Str: 20    XL:     5   Next: 47%
Magic:  5/5        EV:  9    Int:  9    God:
Gold:   126        SH:  4    Dex:  9    Spells: 4/4 levels left

rFire   + . .        a - +0 war axe
rCold   . . .        c - +0 buckler
rNeg    . . .        d - +0 scale mail
rPois   .            (no helmet)
rElec   .            (no cloak)
rCorr   .            (no gloves)
SInv    .            (no boots)
Will    .....        (no amulet) Stlth
                     L - ring of flight
HPRegen 0.27/turn    F - ring of protection from fire
MPRegen 0.09/turn

%: no passive effects
@: flying
A: runic magic, artefact enchanting
a: Convert to Beogh


You were on level 4 of the Dungeon.
You visited 2 branches of the dungeon, and saw 5 of its levels.

You collected 126 gold pieces.

Inventory:

Hand Weapons
 a - a +0 war axe (weapon)
 r - a +0 war axe
Missiles
 m - 21 stones (quivered)
Armour
 c - a +0 buckler (worn)
 d - a +0 scale mail (worn)
 i - a +0 kite shield
Jewellery
 p - a +6 ring of intelligence
 q - a ring of protection from fire
 F - a ring of protection from fire (right hand)
 L - a ring of flight (left hand)
Scrolls
 e - a scroll of amnesia {unknown}
 f - 2 scrolls of noise {unknown}
 g - a scroll of identify {unknown}
 j - a scroll of fear {unknown}
 k - a scroll of fog {unknown}
 o - a scroll of poison {unknown}
Potions
 b - a potion of might


   Skills:
 + Level 4.0 Fighting
 * Level 5.5 Axes
 + Level 4.0 Armour
 + Level 0.4 Dodging
 + Level 3.7 Shields


You had 4 spell levels left.
You didn't know any spells.
Your spell library contained the following spells:

 Spells                   Type           Power      Damage    Failure   Level
 Ensorcelled Hibernation  Hex/Ice        0%         N/A       67%         2
 Fugue of the Fallen      Necr           0%         N/A       88%         3
 Inner Flame              Hex/Fire       0%         N/A       88%         3
 Anguish                  Hex/Necr       0%         N/A       99%         4
 Irradiate                Conj/Alch      0%         3d11      100%        5
 Ignition                 Fire           0%         3d3       100%        8


Dungeon Overview and Level Annotations

Branches:
Dungeon (4/15)             Temple (1/1) D:4

Altars:
Cheibriados
Dithmenos
Elyvilon
Hepliaklqana
Makhleb
Nemelex Xobeh
Qazlal
Ru
Trog
Vehumet
The Shining One


Innate Abilities, Weirdness & Mutations

Your spellcasting is much less encumbered by armour.
You can use scrolls of enchantment on lesser artefacts.


Message History

The orc is severely wounded.
The orc closely misses you.
You closely miss the orc.
The orc is severely wounded.
The orc misses you.
You barely miss the orc.
The orc is severely wounded.
The orc hits you with a +0 hand axe.
The orc priest calls upon Beogh to heal the orc.
The orc's wounds heal themselves!
The orc hits you but does no damage.
You closely miss the orc. The orc closely misses you.
You barely miss the orc. The orc hits you but does no damage.
You slash the orc!
You kill the orc!
Your Fighting skill increases to level 4!
You hit something.
You hear some strange, mumbled words.
A puff of flame appears from out of thin air!
The puff of flame hits you. You resist.
You miss something.
The orc priest shouts, "Surrender to Beogh and we'll let you live!"
You hear some strange, mumbled words.
Something tries to affect you, but you resist.
Something hits you.
You hit something but do no damage.
The orc priest looks satisfied for a moment.
Something hits you.
* * * LOW HITPOINT WARNING * * *
You miss something.
You hear some strange, mumbled words.
A magic dart appears from out of thin air!
The magic dart hits you!
* * * LOW HITPOINT WARNING * * *
You miss something. You block something's attack.
You closely miss something.
You hear some strange, mumbled words.
Something tries to affect you, but you resist.
The orc priest calls down the wrath of Beogh upon you.
Beogh smites you!
You die...

#....# #.# #
#.#..###.###
#######.##........
#..........#.....#
#.###..######.<.##
#.# #..# ######
#.###..# #
#......# #
#@####.# #{# #.#
#..o.....#
....#.##..## .####
#⌠.⌠#.#.# .# .....
.._ . .(. .. .....
#⌠ ⌠. #.. ## .....
# .# ##. ..... #.
.# ....


You could see an orc priest.

Vanquished Creatures
  A scorpion (D:4)
  An iguana (D:4)
  An orc wizard (D:3)
  2 adders
  2 dart slugs
  A ribbon worm (D:3)
  6 orcs
  7 ball pythons
  6 bats (D:2)
  9 endoplasms
  5 giant cockroaches
  4 goblins
  3 hobgoblins
  A jackal (D:4)
  4 kobolds
  2 quokkas (D:1)
  3 frilled lizards
  4 rats
62 creatures vanquished.

Notes
Turn   | Place    | Note
-------+----------+-------------------------------------------
     0 | D:1      | MakMorn the Mountain Dwarf Fighter began the quest for the
                  | Orb.
     0 | D:1      | Reached XP level 1. HP: 19/19 MP: 1/1
   216 | D:1      | Reached XP level 2. HP: 23/26 MP: 2/2
   366 | D:1      | Reached skill level 3 in Axes
   989 | D:2      | Reached XP level 3. HP: 27/29 MP: 3/3
  1149 | D:2      | Found a faded altar of an unknown god.
  1664 | D:3      | Reached skill level 4 in Axes
  1664 | D:3      | Reached XP level 4. HP: 40/40 MP: 4/4
  1783 | D:3      | Found a white marble altar of Elyvilon.
  1918 | D:3      | Found a bloodstained altar of Trog.
  2005 | D:3      | Found a radiant altar of Vehumet.
  2306 | D:4      | Found a staircase to the Ecumenical Temple.
  2307 | D:4      | Noticed a scorpion
  2325 | D:4      | Killed a scorpion
  2326 | D:4      | Reached skill level 5 in Axes
  2326 | D:4      | Reached XP level 5. HP: 14/46 MP: 5/5
  2330 | Temple   | Entered the Ecumenical Temple
  2587 | D:4      | Found a sparkling altar of Nemelex Xobeh.
  2609 | D:4      | Killed from afar by an orc priest

Illustrated notes

Levels and vault maps discovered:
D:1:      spicycebolla_arrival_transporter_tutorial, layout_basic,
          grunt_decor_arrowhead
D:2:      layout_rooms, nicolae_ecumenical_snake_handling
D:3:      layout_loops_ring, marbit_many_paths, vehumet_crystals,
          overflow_temple_1_default, minivault_26
D:4:      layout_loops_corners, nemelex_xobeh_ov_fountains_minmay,
          general_overflow_altar, mainiacjoe_overflow_alcove_1,
          minmay_temple_entry_arrows, enter_ossuary_4, uniq_grinder
Temple:   nicolae_temple_great_sept

Skill      XL: |  1  2  3  4  5 |
---------------+----------------+-----
Axes           | 3 4 5 |  5.5
Armour         | 4 |  4.0
Fighting       | 4 |  4.0
Dodging        | |  0.4
Shields        | |  3.7

Action                     |  1- 3 |  4- 6 || total
---------------------------+-------+-------++-------
  Melee: War axe           |   138 |    79 ||   217
    Use: Potion            |       |     5 ||     5
 Armour: Scale mail        |   133 |    67 ||   200
  Dodge: Dodged            |    53 |    22 ||    75
  Block: Buckler           |    28 |    16 ||    44

Table legend: (Time is in decaauts)
 A = Elapsed time spent in this place.
 B = Non-inter-level travel time spent in this place.
 C = Inter-level travel time spent in this place.
 D = Time resting spent in this place.
 E = Time spent auto-exploring this place.
 F = Levels seen in this place.
 G = Mean time per level.
                   A        B        C        D        E       F      G
               +--------+--------+--------+--------+--------+-----+--------+
         Total |   2681 |   2374 |    307 |    149 |   1560 |   5 |  536.2 |
       Dungeon |   2530 |   2223 |    307 |      0 |   1560 |   4 |  632.5 |
        Temple |    150 |    150 |      0 |    149 |      0 |   1 |  150.0 |
               +--------+--------+--------+--------+--------+-----+--------+

Top non-repeatable levels by time:
     D:1: 886 daAuts
     D:3: 776 daAuts
     D:2: 661 daAuts
     D:4: 206 daAuts
  Temple: 150 daAuts
